 Dungeon Crawl Stone Soup version 0.29.1-2-gbd0b4ee654 (webtiles) character file.

Game seed: 12012654516867089536

1588 RascalDebosk the Magician (level 9, -1/65 HPs)
             Began as a Djinni Ice Elementalist on Oct 24, 2022.
             Was an Initiate of Ashenzari.
             Slain by a wight
             ... wielding a +5 spear of freezing
              (5 damage)
             ... on level 6 of the Dungeon on Oct 25, 2022.
             The game lasted 01:03:04 (7046 turns).

RascalDebosk the Magician (Djinni Ice Elementalist) Turns: 7046, Time: 01:03:05

Health: -1/65      AC:  5    Str: 11    XL:     9   Next: 15%
Gold:   116        EV: 14    Int: 21    God:    Ashenzari [......] SH:  0 Dex: 14

rFire   + + .      SeeInvis .   w - +6 broad axe "Impslayer" {flame, *Noise Str+4}
rCold   x . .      Faith    .   (no shield)
rNeg    + . .      Spirit   .   B - +1 robe {rN+}
rPois   ∞          Reflect  .   i - +1 helmet
rElec   .          Harm     .   (no cloak)
rCorr   .          Rampage  .   (no gloves)
Will    .....                   (boots unavailable)
Stlth   ++........              (no amulet)
HPRegen 0.20/turn               (no ring)
MPRegen 0.00/turn               (no ring)

@: flying
A: sickness immunity, fire resistance 2, cold vulnerability 1, float, innate
caster, HP casting, extra vitality 1
a: Renounce Religion, Curse Item


You were on level 6 of the Dungeon.
You worshipped Ashenzari.
Ashenzari was noncommittal.
You visited 1 branch of the dungeon, and saw 6 of its levels.
You also visited: Sewer.

You collected 305 gold pieces.
You spent 189 gold pieces at shops.

Inventory:

Hand Weapons
 m - a +0 long sword
 w - the +6 broad axe "Impslayer" (weapon) {flame, *Noise Str+4}
   (You bought it in a shop on level 4 of the Dungeon)

   It burns those it strikes, dealing additional fire damage.
   Big, fiery blades are also staple armaments of hydra-hunters.
   Str:       It affects your strength (+4).
   *Noise:    It may make noises in combat.
Armour
 i - a +1 helmet (worn)
 r - a +2 robe
 B - a +1 robe of positive energy (worn)
Magical Staves
 f - a staff of poison
Jewellery
 p - a ring of ice
Wands
 k - a wand of paralysis (2)
 t - a wand of polymorph (14)
 y - a wand of flame (24)
Scrolls
 b - 2 scrolls of magic mapping {unknown}
 c - a scroll of enchant weapon {unknown}
 e - 2 scrolls of immolation {unknown}
 g - 2 scrolls of blinking
 h - 6 scrolls of identify {unknown}
 j - a scroll of teleportation {unknown}
 l - a scroll of butterflies {unknown}
 n - a scroll of amnesia {unknown}
 s - a scroll of acquirement {unknown}
 v - a scroll of enchant armour {unknown}
Potions
 d - a potion of berserk rage {unknown}
 o - a potion of degeneration {unknown}
 q - 5 potions of curing
 u - a potion of mutation {unknown}
 x - a potion of haste {unknown}
 z - a potion of invisibility {unknown}
 A - a potion of heal wounds {unknown}


   Skills:
 + Level 5.5 Fighting
 - Level 5.0 Dodging
 - Level 1.5 Stealth
 * Level 7.0 Spellcasting
 + Level 1.6 Evocations


You had 2 spell levels left.
You knew the following spells:

 Your Spells              Type           Power      Damage    Failure   Level
a - Freeze                Ice            100%       1d11      1%          1
b - Frozen Ramparts       Ice            72%        1d11      1%          3
c - Ozocubu's Armour      Ice            36%        N/A       1%          3
d - Hailstorm             Conj/Ice       36%        3d9       4%          4
e - Beastly Appendage     Tmut           72%        N/A       1%          1
f - Scorch                Fire           72%        2d9       1%          2
g - Swiftness             Air            36%        N/A       1%          3
h - Inner Flame           Hex/Fire       36%        N/A       1%          3
Your spell library was empty.

Dungeon Overview and Level Annotations

Branches:
Dungeon (6/15)             Temple (0/1) D:4           Sewer (visited)

Altars:
Ashenzari
Xom

Shops:
D:2 (   D:4 (

Annotations:
D:5 2 runed translucent doors, kamileon1's ghost, novice VSWr


Innate Abilities, Weirdness & Mutations

You are immune to sickness and miasma.
You are immune to poison.
Your flesh is very heat resistant. (rF++)
You are vulnerable to cold. (rC-)
You float through the air rather than walking.
You learn spells naturally, not from books.
Your magical power is your life essence.
You have superior vitality. (+4 MHP)


Message History

You shout for attention!
The gnoll shouts!
The jelly quivers.
You hear a bark!
You hear an angry hiss.
Aiming: Freeze (safe; 1% risk of failure)
Press: ? - help, Q - select action, (/) - cycle Shift-Dir - straight line, f - gnoll bouda
Aim: a gnoll bouda, wielding a +0 whip and wearing a +0 robe You freeze the gnoll bouda!
The gnoll bouda is heavily wounded.
The gnoll bouda hits you with a +0 whip.
Aiming: Freeze (safe; 1% risk of failure)
Press: ? - help, Q - select action, (/) - cycle Shift-Dir - straight line, f/p - gnoll bouda
Aim: a gnoll bouda, wielding a +0 whip and wearing a +0 robe (heavily wounded)
You freeze the gnoll bouda.
The gnoll bouda is severely wounded.
The gnoll bouda barely misses you.
Aiming: Freeze (safe; 1% risk of failure)
Press: ? - help, Q - select action, (/) - cycle Shift-Dir - straight line, f/p - gnoll bouda
Aim: a gnoll bouda, wielding a +0 whip and wearing a +0 robe (severely wounded)
You freeze the gnoll bouda.
The gnoll bouda is almost dead.
The gnoll bouda barks out a call to the hunt!
The gnolls pick up the pace!
Aiming: Freeze (safe; 1% risk of failure)
Press: ? - help, Q - select action, (/) - cycle Shift-Dir - straight line, f/p - gnoll bouda
Aim: a gnoll bouda, wielding a +0 whip and wearing a +0 robe (almost dead)
You freeze the gnoll bouda.
The gnoll bouda is almost dead.
The gnoll bouda closely misses you.
A wight comes into view. It is wielding a +4 spear of freezing.
The gnoll misses you.
Casting: Freeze (safe; 1% risk of failure)
Confirm with . or Enter, or press ? or * to list all spells.
Casting: Frozen Ramparts (safe; 1% risk of failure)
Press: ? - help, Dir - look around, f - activate The walls around you are covered in ice.
The wall freezes the gnoll!
You kill the gnoll!
The wall freezes the gnoll!
The wall freezes the gnoll bouda but does no damage.
The gnoll bouda gazes fiercely through you!
You feel your attacks grow feeble.
The wight completely resists.
The wall freezes the wight but does no damage.
The wight hits you from afar with a +4 spear of freezing.
The wight freezes you.
The wall freezes the jelly.
A wight comes into view. It is wielding a +5 spear of freezing.
Casting: Frozen Ramparts (safe; 1% risk of failure)
Confirm with . or Enter, or press ? or * to list all spells.
A film of ice covers your body!
The wall freezes the gnoll.
You kill the gnoll!
The wight completely resists.
The wall freezes the wight but does no damage.
The wight misses you.
The wall freezes the gnoll bouda!
You kill the gnoll bouda!
The wall freezes the jelly!
You kill the jelly!
The wight resists.
The wall freezes the wight.
The wight hits you from afar with a +4 spear of freezing.
The wight freezes you.
Your icy armour and frozen ramparts will break if you move.
Continue?
Your icy armour cracks and falls away as you move.
The frozen ramparts melt away as you move.
A wight comes into view. It is wielding a +2 dagger of freezing.
The wight misses you.
You hit the wight. You burn the wight.
The wight is heavily damaged.
The wight hits you with a +4 spear of freezing!
The wight freezes you.
You slash the wight! You burn the wight.
You destroy the wight!
Your attacks no longer feel as feeble.
The wight hits you from afar with a +5 spear of freezing.
* * * LOW HITPOINT WARNING * * *
The wight freezes you.
* * * LOW HITPOINT WARNING * * *
The wight hits you with a +2 dagger of freezing.
* * * LOW HITPOINT WARNING * * *
The wight freezes you.
* * * LOW HITPOINT WARNING * * *
The wight completely misses you.
Your Spellcasting skill increases to level 7!
You barely miss the wight. The wight misses you.
The wight hits you from afar with a +5 spear of freezing.
* * * LOW HITPOINT WARNING * * *
The wight freezes you.
* * * LOW HITPOINT WARNING * * *
You slash the wight! You burn the wight.
The wight is heavily damaged.
The wight barely misses you.
The wight hits you from afar with a +5 spear of freezing!
* * * LOW HITPOINT WARNING * * *
The wight freezes you.
* * * LOW HITPOINT WARNING * * *
The wight barely misses you. The wight misses you.
Blink to where?
Press: ? - help, Dir - move target 2 wights come into view.
As you read the scroll of blinking, it crumbles to dust.
The wight hits you from afar with a +5 spear of freezing.
You die...

.....gg.g#
.........#
......$..## ##
.......... ..
..z......####.
.......z.##..
..[...$..##)#
.......$)##z#
#......@.z).#
##.....#.####
##......#
#.###### ...
.#. .


You could see 4 wights.

Vanquished Creatures
  Prince Ribbit (D:5)
  An acid dragon (D:5)
  A water moccasin (D:5)
  2 black bears
  An ice beast (D:3)
  An ogre (D:5)
  A centaur (D:5)
  A phantom (D:4)
  A bullfrog (Sewer)
  2 scorpions (D:4)
  A wight (D:6)
  2 jellies
  A hound (D:5)
  A gnoll bouda (D:6)
  An orc priest (D:5)
  An orc wizard (D:5)
  Robin (D:2)
  3 gnolls (D:6)
  7 adders
  3 worms
  7 orcs
  6 bats
  19 endoplasms
  9 giant cockroaches
  14 goblins
  9 hobgoblins
  6 jackals
  10 quokkas
  15 ball pythons
  10 frilled lizards
  11 kobolds
  8 rats
157 creatures vanquished.

Notes
Turn   | Place    | Note
-------+----------+-------------------------------------------
     0 | D:1      | RascalDebosk the Djinni Ice Elementalist began the quest
                  | for the Orb.
     0 | D:1      | RascalDebosk set off with the following spells memorised:
                  | Freeze, Frozen Ramparts, Ozocubu's Armour, Hailstorm.
     0 | D:1      | Reached XP level 1. HP: 15/15 MP: 0/0
   109 | D:1      | Reached XP level 2. HP: 4/22 MP: 0/0
   614 | D:1      | Found a faded altar of an unknown god.
   676 | D:1      | Reached skill level 1 in Fighting
   706 | D:1      | Reached XP level 3. HP: 14/27 MP: 0/0
   706 | D:1      | Learned a level 1 spell: Beastly Appendage
  2110 | D:2      | Reached XP level 4. HP: 30/32 MP: 0/0
  2146 | D:2      | Reached skill level 4 in Spellcasting
  2421 | D:2      | Found Tealarut's Antique Weapon Shoppe.
  2576 | D:2      | Noticed Robin
  2589 | D:2      | Killed Robin
  2977 | D:3      | Noticed an ice beast
  3017 | D:3      | Killed an ice beast
  3018 | D:3      | Reached XP level 5. HP: 21/39 MP: 0/0
  3018 | D:3      | Learned a level 2 spell: Scorch
  3470 | D:3      | Reached XP level 6. HP: 40/45 MP: 0/0
  3594 | D:3      | Found a broken altar of Ashenzari.
  3602 | D:3      | Became a worshipper of Ashenzari the Shackled
  3903 | D:4      | Noticed a black bear
  3913 | D:4      | Killed a black bear
  4117 | D:4      | Found a glowing drain.
  4126 | Sewer    | Entered a sewer
  4231 | Sewer    | Reached skill level 5 in Spellcasting
  4322 | Sewer    | Reached XP level 7. HP: 34/50 MP: 0/0
  4322 | Sewer    | Learned a level 3 spell: Swiftness
  4923 | D:4      | Found Quihaf's Antique Weapon Shoppe.
  4933 | D:4      | Bought a crude broad axe for 189 gold pieces
  4933 | D:4      | Identified the +6 broad axe "Impslayer" {flame, *Noise
                  | Str+4} (You bought it in a shop on level 4 of the Dungeon)
  5076 | D:4      | Found a staircase to the Ecumenical Temple.
  5698 | D:5      | Entered Level 5 of the Dungeon
  5698 | D:5      | Found a shimmering altar of Xom.
  5704 | D:5      | Reached XP level 8. HP: 14/58 MP: 0/0
  6042 | D:5      | Found a large runed translucent door.
  6052 | D:5      | Noticed Prince Ribbit
  6059 | D:5      | Found a large runed translucent door.
  6066 | D:5      | Killed Prince Ribbit
  6067 | D:5      | Reached skill level 5 in Dodging
  6067 | D:5      | Reached skill level 6 in Spellcasting
  6177 | D:5      | Noticed kamileon1's ghost (novice VSWr)
  6505 | D:5      | Reached skill level 5 in Fighting
  6863 | D:5      | Reached skill level 1 in Evocations
  6863 | D:5      | Reached XP level 9. HP: 54/65 MP: 0/0
  6863 | D:5      | Learned a level 3 spell: Inner Flame
  7044 | D:6      | Reached skill level 7 in Spellcasting
  7046 | D:6      | Slain by a wight

Illustrated notes

Levels and vault maps discovered:
D:1:      dpeg_arrival_simpleton_b, layout_loops_corners,
          chequers_ecumenical_altar_twisty, kennysheep_decorative_pillar
D:2:      layout_loops_cross, serial_shops, shop, uniq_robin
D:3:      layout_basic, overflow_temple_1_default
D:4:      layout_cave_pods, nicolae_vehumet_altar_sigil,
          minmay_temple_entry_arrows, serial_shops, nicolae_shop_hallway_stairs,
          cheibrodos_sewer_entry_drain
D:5:      layout_cave_pools, mainiacjoe_overflow_tiny_flanked,
          ebering_ghost_disaster_area, uniq_prince_ribbit1
D:6:      layout_rooms, mainiacjoe_overflow_divided_tiny,
          minmay_fractal_squares_5

Skill      XL: |  1  2  3  4  5  6  7  8  9 |
---------------+----------------------------+-----
Fighting       | 1 2 3 4 5 |  5.5
Spellcasting   | 4 5 6 7 |  7.0
Dodging        | 3 4 5 |  5.0
Evocations     | 1 |  1.6
Stealth        | |  1.5

Action                   |  1- 3 |  4- 6 |  7- 9 || total
-------------------------+-------+-------+-------++-------
Melee: Dagger            |    11 |    15 |       ||    26
       Headbutt          |       |     2 |       ||     2
       Long sword        |       |    16 |    31 ||    47
       Broad axe         |       |       |    40 ||    40
       Punch             |       |       |     1 ||     1
 Cast: Freeze            |    36 |    17 |    49 ||   102
       Frozen Ramparts   |    10 |    21 |    15 ||    46
       Ozocubu's Armour  |     1 |     4 |     6 ||    11
       Beastly Appendage |       |     1 |       ||     1
       Scorch            |       |     9 |       ||     9
       Hailstorm         |       |     1 |       ||     1
       Swiftness         |       |       |     1 ||     1
Evoke: Wand              |       |       |     1 ||     1
  Use: Scroll            |       |       |     1 ||     1
 Stab: Sleeping          |     1 |     2 |     2 ||     5
Armor: Robe              |     6 |    15 |    42 ||    63
Dodge: Dodged            |    20 |    23 |   100 ||   143
